 Dungeon Crawl Stone Soup version 0.25-a0-102-gbfa96ce22d (webtiles) character file.

Game seed: 16272528855056910714, levelgen mode: deterministic

227 vurker the Magician (level 5, -5/38 HPs)
             Began as a Mummy Fire Elementalist on Nov 15, 2019.
             Killed from afar by Ijyb (7 damage)
             ... with a burst of metal fragments
             ... on level 4 of the Dungeon.
             The game lasted 00:06:03 (4816 turns).

vurker the Magician (Mummy Fire Elementalist)       Turns: 4816, Time: 00:06:04

Health: -5/38      AC:  2    Str: 12    XL:     5   Next: 70%
Magic:  9/11       EV: 16    Int: 15    God:
Gold:   171        SH:  0    Dex: 12    Spells: 11/12 levels left

rFire    x . .     SeeInvis .   d - +1 dagger
rCold    + . .     Gourm    .   (no shield)
rNeg     + + +     Faith    .   a - +0 robe
rPois    ∞         Spirit   .   (no helmet)
rElec    .         Reflect  .   (no cloak)
rCorr    .         Harm     .   (no gloves)
MR       .....                  (no boots)
Stlth    +.........             (no amulet)
HPRegen  0.12/turn              j - +4 ring of evasion
MPRegen  0.12/turn              c - ring of attention (curse)

@: no status effects
A: no food or potions, fire vulnerability, cold resistance 1, negative energy
resistance 3, torment resistance, unbreathing
a: no special abilities


You were on level 4 of the Dungeon.
You were not hungry.

You visited 1 branch of the dungeon, and saw 4 of its levels.

You collected 171 gold pieces.

Inventory:

Hand Weapons
 d - a +1 dagger (weapon)
   (You took it off an orc on level 1 of the Dungeon)
Armour
 a - a +0 robe (worn)
 k - a +0 buckler
   (You found it on level 3 of the Dungeon)
Jewellery
 b - a +4 ring of intelligence
   (You found it on level 2 of the Dungeon)
 c - a cursed ring of attention (right hand)
   (You found it on level 1 of the Dungeon)
 f - an uncursed ring of protection from fire
   (You found it on level 2 of the Dungeon)
 j - a +4 ring of evasion (left hand)
   (You found it on level 3 of the Dungeon)
Wands
 e - a wand of polymorph (3)
   (You found it on level 2 of the Dungeon)
 l - a wand of enslavement (4)
   (You found it on level 3 of the Dungeon)
 u - a wand of paralysis (1)
   (You found it on level 3 of the Dungeon)
Scrolls
 g - 2 scrolls of magic mapping
 h - 2 scrolls of enchant weapon
 i - a scroll of identify
 m - a scroll of teleportation


   Skills:
 + Level 1.8 Fighting
 - Level 1.5 Dodging
 - Level 1.5 Stealth
 * Level 4.4 Spellcasting
 * Level 2.6 Conjurations
 * Level 3.4 Fire Magic


You had 11 spell levels left.
You knew the following spells:

 Your Spells              Type           Power        Failure   Level  Hunger
a - Flame Tongue          Conj/Fire      ##...        4%          1    N/A

Your spell library contained the following spells:

 Spells                   Type           Power        Failure   Level  Hunger
 Throw Flame              Conj/Fire      ##....       8%          2    N/A
 Conjure Flame            Conj/Fire      ##......     14%         3    N/A
 Inner Flame              Hex/Fire       #.......     26%         3    N/A
 Sticky Flame             Conj/Fire      ##......     43%         4    N/A
 Fireball                 Conj/Fire      ##........   80%         5    N/A

Dungeon Overview and Level Annotations

Branches:
Dungeon (4/15)
 Temple: D:4-7

Altars:

Annotations:
D:4 Ijyb


Innate Abilities, Weirdness & Mutations

You do not eat or drink.
Your flesh is vulnerable to fire.
You are immune to poison.
Your flesh is cold resistant. (rC+)
You are immune to negative energy. (rN+++)
You are immune to unholy pain and torment.
You can survive without breathing.


Message History

The flame tongue hits the adder.
The adder closely misses you.
Aim: an adder (moderately wounded)
The flame tongue hits the adder.
The adder completely misses you.
Aim: an adder (severely wounded)
The flame tongue hits the adder!
You kill the adder!
The hound skeleton closely misses you.
Aim: a hound skeleton The flame tongue hits the hound skeleton!
The hound skeleton misses you.
Aim: a hound skeleton (heavily damaged)
The flame tongue hits the hound skeleton!
The hound skeleton bites you but does no damage.
Aim: a hound skeleton (almost destroyed)
The flame tongue hits the hound skeleton!
You destroy the hound skeleton!
You can't see any susceptible monsters within range! (Use Z to cast anyway.)
Your magical contamination has completely faded away.
Found a stone staircase leading down.
A worker ant and Ijyb come into view.
Ijyb shouts!
The worker ant twitches its antennae in your direction.
The worker ant moves out of view.
You can't see any susceptible monsters within range! (Use Z to cast anyway.)
You can't see any susceptible monsters within range! (Use Z to cast anyway.)
You can't see any susceptible monsters within range! (Use Z to cast anyway.)
You can't see any susceptible monsters within range! (Use Z to cast anyway.)
You can't see any susceptible monsters within range! (Use Z to cast anyway.) Ijyb screams, "Me very upset!"
Ijyb zaps a wand.
The burst of metal fragments hits you!
The burst of metal fragments misses you. x7
Found a leather armour.
Aim: Ijyb, wielding a +0 dagger, wearing a +3 chain mail and carrying a wand of scattershot (2)
The flame tongue hits Ijyb!
Ijyb zaps a wand.
The burst of metal fragments misses you.
The burst of metal fragments hits you! x2
* * * LOW HITPOINT WARNING * * *
The burst of metal fragments misses you. x5
Aim: Ijyb, wielding a +0 dagger, wearing a +3 chain mail and carrying a wand of scattershot (1) (moderately wounded)
The flame tongue hits Ijyb but does no damage.
Ijyb zaps a wand.
The burst of metal fragments misses you. x5
The burst of metal fragments hits you.
* * * LOW HITPOINT WARNING * * *
The burst of metal fragments hits you!
* * * LOW HITPOINT WARNING * * *
The burst of metal fragments hits you!
You die...

....... .......
....... #####
....... #..†#
....... ##.<[#
.......## #....#
....g..a###...##
.......@.#....#
......##.....##
....[ #...8.#
.... ##....# ...
##....# ..
##...# . #....#
#.>.# ...#


You could see Ijyb and a worker ant.

Vanquished Creatures
  An orc priest (D:2)
  An orc wizard (D:3)
  A hound skeleton (D:4)
  5 adders
  An adder skeleton (D:3)
  3 worms
  5 dart slugs
  4 leopard geckos
  9 orcs
  7 giant cockroaches
  6 goblins
  7 hobgoblins
  A jackal (D:2)
  A quokka (D:3)
  A ball python (D:1)
  9 bats
  7 frilled lizards
  3 kobolds (D:1)
  8 rats
80 creatures vanquished.

Notes
Turn   | Place    | Note
-------+----------+-------------------------------------------
     0 | D:1      | vurker the Mummy Fire Elementalist began the quest for the
                  | Orb.
     0 | D:1      | Reached XP level 1. HP: 13/13 MP: 4/4
   146 | D:1      | Reached skill level 1 in Conjurations
   433 | D:1      | Reached XP level 2. HP: 20/20 MP: 3/5
   439 | D:1      | Reached skill level 3 in Spellcasting
   884 | D:1      | Reached XP level 3. HP: 25/25 MP: 3/7
  1859 | D:2      | Reached skill level 1 in Fighting
  1859 | D:2      | Reached XP level 4. HP: 26/32 MP: 1/9
  2735 | D:2      | Reached skill level 4 in Spellcasting
  3450 | D:3      | Reached XP level 5. HP: 37/37 MP: 8/11
  4812 | D:4      | Noticed Ijyb
  4816 | D:4      | Killed from afar by Ijyb

Levels and vault maps discovered:
D:1:      dpeg_arrival_prison, layout_loops_ring, st_stairs_14,
          minmay_nonomino_d4
D:2:      layout_loops_corners, first_ration, minmay_puff
D:3:      minmay_evil_eye, layout_loops_ring
D:4:      layout_cave_pools, grunt_ministairs_12, uniq_ijyb

Skill      XL: |  1  2  3  4 |
---------------+-------------+-----
Conjurations   | 1 2 |  2.6
Spellcasting   | 3 4 |  4.4
Fighting       | 1 |  1.8
Fire Magic     | 3 |  3.4
Dodging        | |  1.5
Stealth        | |  1.5

Action                   |  1- 3 |  4- 6 || total
-------------------------+-------+-------++-------
Melee: Unarmed           |    23 |       ||    23
       Dagger            |       |    17 ||    17
 Cast: Flame Tongue      |    62 |    99 ||   161
Evoke: Wand              |       |     1 ||     1
  Use: Scroll            |       |     5 ||     5
 Stab: Paralysed         |       |     1 ||     1
Armor: Robe              |     5 |    10 ||    15
Dodge: Dodged            |    40 |    62 ||   102

Table legend:
 A = Non-vault XP
 B = Vault XP
 C = Vault XP percentage of total XP
 D = Non-vault monster count
 E = Vault monster count
 F = Vault count percentage of total count
                 A         B        C        D         E       F
            +---------+---------+-------+---------+---------+-------
      Total |     259 |      66 |  20.3 |      64 |      16 |  20.0
            +---------+---------+-------+---------+---------+-------
        D:1 |      58 |      13 |  18.3 |      26 |       9 |  25.7
        D:2 |      99 |      19 |  16.1 |      17 |       3 |  15.0
        D:3 |     102 |       3 |   2.9 |      21 |       2 |   8.7
        D:4 |       0 |      31 | 100.0 |       0 |       2 | 100.0
            +---------+---------+-------+---------+---------+-------
